 Dungeon Crawl Stone Soup version 0.27.0-65-ge2af304b15 (console) character file.

Game seed: 7219495226875806863

72 Banquo the Magician (level 4, -6/34 HPs)
             Began as a Djinni Warper on Aug 19, 2021.
             Mangled by a bullfrog (8 damage)
             ... on level 3 of the Dungeon.
             The game lasted 00:11:50 (3864 turns).

Banquo the Magician (Djinni Warper)                 Turns: 3864, Time: 00:11:53

Health: -6/34      AC:  3    Str: 10    XL:     4   Next: 48%
Gold:   162        EV: 11    Int: 15    God:
                   SH:  3    Dex: 11

rFire    + + .     SeeInvis .   a - +0 short sword
rCold    x . .     Faith    .   i - +0 buckler
rNeg     . . .     Spirit   .   b - +0 leather armour
rPois    ∞         Reflect  .   (no helmet)
rElec    .         Harm     .   (no cloak)
rCorr    .         Rampage  .   (no gloves)
Will     .....                  (boots unavailable)
Stlth    +.........             e - amulet of regeneration
HPRegen  0.11/turn              (no ring)
MPRegen  0.00/turn              (no ring)

@: brilliant, flying, very slightly contaminated
A: sickness immunity, fire resistance 2, cold vulnerability 1, float, innate
caster, hp casting, extra vitality 1, claws 1, clumsy 1, sturdy frame 1
a: no special abilities


You were on level 3 of the Dungeon.
You visited 1 branch of the dungeon, and saw 3 of its levels.

You collected 162 gold pieces.

Inventory:

Hand Weapons
 a - a +0 short sword (weapon)
 f - a +0 long sword
Missiles
 d - 5 boomerangs of dispersal (quivered)
 j - 106 stones
 p - 3 poisoned darts
Armour
 b - a +0 leather armour (worn)
 i - a +0 buckler (worn)
Jewellery
 e - an amulet of regeneration (around neck)
Scrolls
 g - 4 scrolls of immolation {unknown}
 h - a scroll of summoning {unknown}
 l - a scroll of magic mapping {unknown}
 m - a scroll of teleportation {unknown}
 o - a scroll of identify {unknown}


   Skills:
 * Level 2.6 Fighting
 + Level 2.5 Short Blades
 - Level 0.7 Throwing
 - Level 1.0 Armour
 - Level 2.1 Dodging
 * Level 0.6 Shields
 + Level 3.1 Spellcasting


You couldn't memorise any spells.
You knew the following spells:

 Your Spells              Type           Power      Damage    Failure   Level
a - Pain                  Necr           68%        1d7       9%          1
b - Lesser Beckoning      Tloc           8%         N/A       26%         3
e - Manifold Assault      Tloc           17%        N/A       94%         5
g - Gell's Gravitas       Tloc           8%         N/A       26%         3
t - Teleport Other        Tloc           17%        N/A       26%         3
B - Blink                 Tloc           N/A        N/A       14%         2
Your spell library was empty.

Dungeon Overview and Level Annotations

Branches:
Dungeon (3/15)

Altars:
Kikubaaqudgha
Qazlal
Beogh

Annotations:
D:3 3 runed translucent doors, qnok's ghost, weakling DgDe


Innate Abilities, Weirdness & Mutations

You are immune to sickness and miasma.
You are immune to poison.
Your flesh is very heat resistant. (rF++)
You are vulnerable to cold. (rC-)
You float through the air rather than walking.
You learn spells naturally, not from books.
Your magical power is your life essence.
You have superior vitality. (+4 HP)
You have sharp fingernails.
You are clumsy. (Dex -2)
Your movements are slightly less encumbered by armour. (ER -2)


Message History

You continue putting on your amulet of regeneration.
The bullfrog barely misses you.
You continue putting on your amulet of regeneration.
The bullfrog closely misses you. The bullfrog hits you.
* * * LOW HITPOINT WARNING * * *
You finish putting on your amulet of regeneration.
The amulet cannot attune itself to your injured body.
e - an amulet of regeneration (around neck) Blink to where?
Press: ? - help, Dir - move target, p - bullfrog
As you read the scroll of blinking, it crumbles to dust.
It was a potion of brilliance.
You feel clever all of a sudden.
It was a potion of mutation.
You feel extremely strange.
You feel less encumbered by your armour.
You feel clumsy.
Your fingernails lengthen.
You aren't carrying any potions.
Unknown command.
Unknown command.
Unknown command.
Unknown command.
Casting: Blink (safe; 14% risk of failure)
Confirm with . or Enter, or press ? or * to list all spells.
Okay, then.
Blink to where?
Press: ? - help, Dir - move target
As you read the scroll of blinking, it crumbles to dust.
Found a fizzy black potion.
You reach down and open the door.
There is an open door here.
Casting: Blink (safe; 14% risk of failure)
Confirm with . or Enter, or press ? or * to list all spells.
The spell is quite dangerous to cast (26% risk of failure)!
Continue anyway?
Aiming: Teleport Other (quite dangerous; 26% risk of failure)
Press: ? - help, Shift-Dir - straight line, f - bullfrog
Aim: a bullfrog (chance to affect: 54%)
You feel a surge of power!
The bullfrog looks slightly unstable.
* * * LOW HITPOINT WARNING * * *
The bullfrog hits you!
You die...

#........
#######..####.!
####.......##
..^........#
##........#
#+###....#
#..#....#
#..#F####
+..@.# # #..#.#
#..#.# +##+.#
#.# #.# +.# ##


You could see a bullfrog.

Vanquished Creatures
  2 adders (D:2)
  A dart slug (D:3)
  An endoplasm (D:3)
  A giant cockroach (D:3)
  2 goblins (D:1)
  8 hobgoblins
  10 jackals
  A kobold (D:3)
  4 quokkas
  A ball python (D:1)
  7 bats
  3 frilled lizards
  5 rats
46 creatures vanquished.

Vanquished Creatures (others)
  A plant (D:1)
1 creature vanquished.

Grand Total: 47 creatures vanquished

Notes
Turn   | Place    | Note
-------+----------+-------------------------------------------
     0 | D:1      | Banquo the Djinni Warper began the quest for the Orb.
     0 | D:1      | Reached XP level 1. HP: 18/18 MP: 0/0
   188 | D:1      | Reached XP level 2. HP: 23/23 MP: 0/0
  1180 | D:1      | Reached XP level 3. HP: 28/28 MP: 0/0
  1180 | D:1      | Learned a level 1 spell: Pain
  2372 | D:2      | Found a faded altar of an unknown god.
  2602 | D:2      | Reached skill level 3 in Spellcasting
  2602 | D:2      | Reached XP level 4. HP: 14/34 MP: 0/0
  3254 | D:3      | Found a runed translucent gate.
  3257 | D:3      | Found a runed translucent gate.
  3275 | D:3      | Found a runed translucent gate.
  3278 | D:3      | Noticed qnok's ghost (weakling DgDe)
  3777 | D:3      | Found a stormy altar of Qazlal.
  3778 | D:3      | Noticed a bullfrog
  3842 | D:3      | HP: 1/34 [bullfrog (6)]
  3845 | D:3      | Gained mutation: Your movements are slightly less
                  | encumbered by armour. (ER -2) [potion of mutation]
  3845 | D:3      | Gained mutation: You are clumsy. (Dex -2) [potion of
                  | mutation]
  3845 | D:3      | Gained mutation: You have sharp fingernails. [potion of
                  | mutation]
  3864 | D:3      | Mangled by a bullfrog

Illustrated notes

Levels and vault maps discovered:
D:1:      onia_arrival_mini_maze_b, layout_loops_ring
D:2:      layout_loops_ring, dreamdust_ecumenical_altar_drowned_temple,
          minmay_tetromino_i4
D:3:      layout_rooms, lemuel_coloured_pillars_altar,
          mainiacjoe_overflow_24_doors, mainiacjoe_overflow_catch_the_wave,
          biasface_ghost_orc_armoury, uniq_crazy_yiuf_cottage

Skill      XL: |  1  2  3 |
---------------+----------+-----
Short Blades   | 2 |  2.5
Spellcasting   | 3 |  3.1
Fighting       | |  2.6
Throwing       | |  0.7
Armour         | |  1.0
Dodging        | |  2.1
Shields        | |  0.6

Action                   |  1- 3 |  4- 6 || total
-------------------------+-------+-------++-------
Melee: Short sword       |   117 |       ||   117
 Cast: Blink             |     2 |     7 ||     9
       Pain              |    38 |    34 ||    72
       Teleport Other    |       |     1 ||     1
  Use: Potion            |       |     4 ||     4
       Scroll            |       |     2 ||     2
Armor: Leather armour    |    40 |     1 ||    41
Dodge: Dodged            |    80 |    20 ||   100
Block: Buckler           |     3 |     6 ||     9
